[Event "Titled Tuesday Blitz March 22 Late 2022"]
[White "Indjic, Aleksandar"]
[Black "Vasquez Schroeder, Rodrigo"]
[WhiteFideId "911925"]
[BlackFideId "3400042"]
[WhiteElo "2616"]
[BlackElo "2561"]
[Result "0-1"]
[Round "10"]
[TimeControl "180+1"]
[Date "2022.03.22"]
[WhiteClock "0:00:07"]
[BlackClock "0:00:32"]

1. d4 Nf6 2. c4 e6 3. Nc3 Bb4 4. Qc2 O-O 5. Nf3 c5 6. dxc5 Na6 7. g3 Nxc5 8. Bg2 Nce4 9. O-O Bxc3 10. bxc3 Qc7 11. Ba3 d6 12. Nd2 Nc5 13. Nb3 Rb8 14. Rad1 b6 15. Nd4 Bd7 16. e4 Ba4 17. Nb3 Rfd8 18. f4 e5 19. Kh1 Ncxe4 20. Rde1 Nc5 21. Bxc5 bxc5 22. fxe5 dxe5 23. Qf5 Re8 24. g4 Bd7 25. Qg5 h6 26. Qh4 Bc6 27. g5 Bxg2+ 28. Kxg2 Qc6+ 29. Kg1 hxg5 30. Qxg5 Re6 31. Qg2 Qxg2+ 32. Kxg2 Rc8 33. Re2 g6 34. Rd1 e4 35. Kf2 Kg7 36. h3 Re5 37. Re3 Rh8 38. Rd6 Rhh5 39. Rc6 Rhf5+ 40. Ke2 Rg5 41. Ra6 Rg2+ 42. Kd1 Rf5 43. Rxa7 Rf1+ 44. Re1 Rff2 45. Nxc5 Rb2 46. Nb3 e3 47. Kc1 Rgc2+ 0-1


[Site "https://www.chess.com"]

[Event "Titled Tuesday Blitz March 22 Late 2022"]
[White "Iskusnyh, Sergei"]
[Black "Martinez Reyes, Pedro Ramon"]
[WhiteFideId "4120027"]
[BlackFideId "3901807"]
[WhiteElo "2492"]
[BlackElo "2410"]
[Result "1-0"]
[Round "10"]
[TimeControl "180+1"]
[Date "2022.03.22"]
[WhiteClock "0:00:57"]
[BlackClock "0:00:51"]

1. d4 d5 2. c4 Nf6 3. cxd5 c6 4. Nc3 cxd5 5. Bf4 Nc6 6. e3 Bg4 7. Qb3 Na5 8. Qa4+ Bd7 9. Qc2 Rc8 10. Bd3 e6 11. Nf3 Nc4 12. O-O Be7 13. Ne5 Nxe5 14. dxe5 Nh5 15. Bg3 Nxg3 16. hxg3 h5 17. Qe2 Qc7 18. f4 a6 19. Rac1 Qb6 20. Qd2 Bc5 21. Rfe1 d4 22. exd4 Bxd4+ 23. Kh2 h4 24. g4 Bf2 25. Ne4 Bxe1 26. Rxe1 O-O 27. Nd6 Bb5 28. Bb1 Rc5 29. Qf2 g6 30. Qxh4 Rc6 31. Ne4 Qd8 32. Nf6+ 1-0


[Site "https://www.chess.com"]

[Event "Titled Tuesday Blitz March 22 Late 2022"]
[White "Jacobson, Aaron"]
[Black "Fishbein, Alexander"]
[WhiteFideId "2089912"]
[BlackFideId "2000377"]
[WhiteElo "2265"]
[BlackElo "2442"]
[Result "0-1"]
[Round "10"]
[TimeControl "180+1"]
[Date "2022.03.22"]
[WhiteClock "0:00:07"]
[BlackClock "0:00:38"]

1. e4 c5 2. Nf3 d6 3. d4 cxd4 4. e5 dxe5 5. c3 Nc6 6. Bb5 Bd7 7. O-O e4 8. Nxd4 Nxd4 9. Bxd7+ Qxd7 10. cxd4 e6 11. Nc3 Nf6 12. Bg5 Be7 13. Qe2 O-O 14. Rfd1 Nd5 15. Bxe7 Qxe7 16. Qxe4 Rfd8 17. Nxd5 Rxd5 18. Rd3 Rad8 19. Rad1 Qd7 20. h3 h6 21. a3 e5 22. R1d2 Rxd4 23. Rxd4 exd4 24. Rd3 b6 25. Qe5 a5 26. Qf4 Qd5 27. Qc7 Re8 28. Qc1 b5 29. Qd2 Re4 30. Qxa5 Re2 31. Qb4 Qe5 32. Rd1 d3 33. Qc3 Qf4 34. Rf1 Qe4 35. Qc8+ Kh7 36. Qc3 Rc2 37. Qb3 Qc4 38. Qxc4 bxc4 39. Rb1 d2 40. Rc1 Rxc1+ 41. Kh2 d1=Q 42. b4 cxb3 43. a4 b2 44. a5 b1=Q 45. a6 Qa4 46. a7 Qxa7 47. h4 Qxf2 48. h5 Qh4# 0-1


[Site "https://www.chess.com"]

[Event "Titled Tuesday Blitz March 22 Late 2022"]
[White "Janaszak, Dawid"]
[Black "Lin, Dachey"]
[WhiteFideId "1119206"]
[BlackFideId "2029650"]
[WhiteElo "2199"]
[BlackElo "2313"]
[Result "0-1"]
[Round "10"]
[TimeControl "180+1"]
[Date "2022.03.22"]
[WhiteClock "0:00:11"]
[BlackClock "0:00:38"]

1. e4 g6 2. Nc3 Bg7 3. h4 c6 4. Bc4 d5 5. exd5 b5 6. Bb3 b4 7. Na4 cxd5 8. h5 Nc6 9. Ne2 gxh5 10. d4 Nf6 11. Bf4 Bf5 12. f3 O-O 13. Qd2 Bg6 14. O-O-O Rc8 15. Bh6 Na5 16. Bxg7 Nxb3+ 17. axb3 Rxc2+ 18. Qxc2 Bxc2 19. Kxc2 Kxg7 20. Nc5 Rg8 21. Nf4 Kf8 22. Nfe6+ fxe6 23. Nxe6+ Ke8 24. Nxd8 Kxd8 25. Rd2 Kd7 26. Ra1 Rc8+ 27. Kd1 Rc7 28. Ra4 Rb7 29. Re2 h4 30. Re5 Ke8 31. Re6 Kf7 32. Rea6 Rb8 33. Ke1 Rc8 34. Rxb4 Rc2 35. Kf1 Nh5 36. Rb7 Ng3+ 37. Kg1 Rc1+ 38. Kf2 Nf5 39. Raxa7 Rc2+ 40. Kg1 Rxb2 41. b4 Kf6 42. b5 Rb1+ 43. Kf2 Kg5 44. Rxe7 Nxe7 45. Rxe7 Rxb5 46. Rxh7 Rb2+ 47. Kg1 Rd2 48. Rg7+ Kf4 49. Rg4+ Ke3 50. Rxh4 Rxd4 51. Rh8 Rd1+ 52. Kh2 d4 53. Re8+ Kf2 54. f4 d3 55. f5 Rf1 56. f6 d2 57. f7 Rh1+ 58. Kxh1 d1=Q+ 59. Kh2 Qh5# 0-1


[Site "https://www.chess.com"]

[Event "Titled Tuesday Blitz March 22 Late 2022"]
[White "Jaskolka, Tomasz"]
[Black "Romanchuk, Viktor"]
[WhiteFideId "1170791"]
[BlackFideId "14109271"]
[WhiteElo "2073"]
[BlackElo "2242"]
[Result "1/2-1/2"]
[Round "10"]
[TimeControl "180+1"]
[Date "2022.03.22"]
[WhiteClock "0:00:14"]
[BlackClock "0:00:19"]

1. d4 d5 2. Bf4 Nf6 3. e3 c5 4. c3 Nc6 5. Nd2 cxd4 6. exd4 Bf5 7. Ngf3 e6 8. Ne5 Bd6 9. Bb5 Bxe5 10. Bxe5 O-O 11. Bxc6 bxc6 12. O-O Nd7 13. Bd6 Re8 14. Re1 Qb6 15. b4 f6 16. Nb3 Bg6 17. Qg4 Bf7 18. a4 Rad8 19. h4 h5 20. Qg3 Qa6 21. Re3 e5 22. dxe5 fxe5 23. Bxe5 Nxe5 24. Rxe5 Qc4 25. Rxe8+ Rxe8 26. Nd4 Re4 27. Nf5 Rg4 28. Qe3 Bg6 29. Ne7+ Kh7 30. Nxg6 Rxg6 31. Rc1 a6 32. Qe5 Qxh4 33. g3 Qg4 34. a5 h4 35. Kg2 hxg3 36. Rh1+ Rh6 37. Rxh6+ Kxh6 38. fxg3 Qc4 39. Qe3+ Kg6 40. Qe6+ Kh7 41. Qf5+ Kg8 42. Qe5 Kh7 43. Kh3 Qf1+ 44. Kg4 Qc4+ 45. Qd4 Qxd4+ 46. cxd4 Kg6 47. Kf4 Kf6 48. Kg4 Kg6 49. Kf4 Kf6 50. g4 g5+ 51. Kf3 Ke6 52. Ke3 Kd6 53. Kd3 Kc7 54. Kc3 Kd6 55. Kb3 Kc7 56. Kc3 Kd6 57. Kb3 Kc7 58. Kc3 1/2-1/2


[Site "https://www.chess.com"]

[Event "Titled Tuesday Blitz March 22 Late 2022"]
[White "Jobava, Baadur"]
[Black "Hakobyan, Aram"]
[WhiteFideId "13601520"]
[BlackFideId "13306677"]
[WhiteElo "2617"]
[BlackElo "2557"]
[Result "0-1"]
[Round "10"]
[TimeControl "180+1"]
[Date "2022.03.22"]
[WhiteClock "0:00:04"]
[BlackClock "0:00:22"]

1. e4 c5 2. c3 e5 3. Nf3 Nc6 4. d4 cxd4 5. cxd4 exd4 6. Nxd4 Nf6 7. Nc3 Bb4 8. Nxc6 bxc6 9. Bd3 O-O 10. O-O d5 11. exd5 Bxc3 12. bxc3 Qxd5 13. c4 Qe5 14. Ba3 Re8 15. Re1 Qxe1+ 16. Qxe1 Rxe1+ 17. Rxe1 Be6 18. f3 Rd8 19. Re3 Nd7 20. Kf2 Nb6 21. Be7 Rd7 22. Bc5 h6 23. a3 g5 24. Be2 Kg7 25. Re4 Kg6 26. Be3 Bf5 27. Rd4 c5 28. Rxd7 Nxd7 29. Ke1 Be6 30. Kd2 Kf6 31. Kc3 Ke5 32. g3 f6 33. Bd3 Kd6 34. f4 Nb6 35. fxg5 fxg5 36. h4 gxh4 37. gxh4 h5 38. Bf4+ Kc6 39. Be4+ Kd7 40. Bd3 Bf7 41. Bf5+ Kc6 42. Be4+ Kd7 43. Bd3 a6 44. Be2 Na4+ 45. Kb3 Nb6 46. a4 Nc8 47. a5 Ne7 0-1


[Site "https://www.chess.com"]

[Event "Titled Tuesday Blitz March 22 Late 2022"]
[White "Kaasen, Tor Fredrik"]
[Black "Olsen, Filip Boe"]
[WhiteFideId "1516647"]
[BlackFideId "1440640"]
[WhiteElo "2335"]
[BlackElo "2188"]
[Result "1-0"]
[Round "10"]
[TimeControl "180+1"]
[Date "2022.03.22"]
[WhiteClock "0:00:23"]
[BlackClock "0:00:40"]

1. e4 c6 2. d4 d5 3. e5 Bf5 4. Nf3 e6 5. Be2 Bb4+ 6. c3 Ba5 7. O-O Ne7 8. Nh4 O-O 9. Nd2 Nd7 10. Nxf5 Nxf5 11. Nf3 Bc7 12. Bd3 f6 13. Bxf5 exf5 14. e6 Nb6 15. Re1 Re8 16. g3 Re7 17. b3 Nc8 18. Qe2 Qe8 19. c4 Nd6 20. Ba3 Rd8 21. Nh4 g6 22. cxd5 cxd5 23. Qf3 Ba5 24. Re2 Qb5 25. Rc1 Bb6 26. Ree1 Bxd4 27. Qf4 Be5 28. Rxe5 fxe5 29. Qxe5 Qa6 30. Bb2 d4 31. Bxd4 Nf7 32. Qg7# 1-0


[Site "https://www.chess.com"]

[Event "Titled Tuesday Blitz March 22 Late 2022"]
[White "Kohler, Aran"]
[Black "Tanenbaum, Zachary"]
[WhiteFideId "1002856"]
[BlackFideId "2060850"]
[WhiteElo "2292"]
[BlackElo "2168"]
[Result "0-1"]
[Round "10"]
[TimeControl "180+1"]
[Date "2022.03.22"]
[WhiteClock "0:00:03"]
[BlackClock "0:00:06"]

1. d4 d5 2. Bf4 Nf6 3. e3 c5 4. c3 Nc6 5. Bd3 Qb6 6. Qb3 c4 7. Qxb6 axb6 8. Bc2 b5 9. Na3 b4 10. Nb5 Ra5 11. a4 Bd7 12. Bc7 Ra8 13. f4 e6 14. Bb6 Rc8 15. Nc7+ Ke7 16. Nf3 Ne8 17. Nb5 f6 18. Kd2 Kf7 19. g4 Nd6 20. Nxd6+ Bxd6 21. h4 b3 22. Bd1 Ra8 23. a5 Ra6 24. Be2 Rha8 25. g5 Nxa5 26. Bxa5 Rxa5 27. Rxa5 Rxa5 28. gxf6 gxf6 29. Rb1 Ra2 30. Nh2 Ke7 31. Ng4 Be8 32. Nh6 Kd7 33. Ng8 Bg6 34. Nxf6+ Ke7 35. Ng8+ Kf8 36. Kc1 Bxb1 0-1


[Site "https://www.chess.com"]

[Event "Titled Tuesday Blitz March 22 Late 2022"]
[White "Kosteniuk, Alexandra"]
[Black "Grischuk, Alexander"]
[WhiteFideId "4128125"]
[BlackFideId "4126025"]
[WhiteElo "2469"]
[BlackElo "2762"]
[Result "1/2-1/2"]
[Round "10"]
[TimeControl "180+1"]
[Date "2022.03.22"]
[WhiteClock "0:00:18"]
[BlackClock "0:00:09"]

1. e4 d5 2. exd5 Qxd5 3. Nc3 Qa5 4. d4 Nf6 5. Nf3 c6 6. Bc4 Bf5 7. Bd2 Nbd7 8. Qe2 Qc7 9. O-O-O e6 10. h3 O-O-O 11. g4 Bg6 12. Bb3 Bd6 13. Rhe1 Rhe8 14. Ne5 Nd5 15. f4 Nxe5 16. fxe5 Bb4 17. Nxd5 Bxd2+ 18. Rxd2 cxd5 19. Qf2 Kb8 20. c3 Qa5 21. a3 Rc8 22. Re3 Re7 23. Bc2 Rec7 24. Bxg6 fxg6 25. Rdd3 b5 26. Kd2 Qa4 27. Rf3 Qb3 28. Ke1 a5 29. Rf8 Rxf8 30. Qxf8+ Kb7 31. Rd2 b4 32. axb4 axb4 33. Qxb4+ Qxb4 34. cxb4 Kb6 35. Kd1 Kb5 36. Rc2 Rf7 37. Ke2 h5 38. Ke3 hxg4 39. hxg4 g5 40. Rc5+ Kxb4 41. Rc6 Re7 42. Kd3 Kb5 43. Rd6 Kb4 44. Rb6+ Ka5 45. Rc6 Kb5 46. Rd6 Kb4 47. Rb6+ Ka5 48. Rc6 Kb5 1/2-1/2


[Site "https://www.chess.com"]

[Event "Titled Tuesday Blitz March 22 Late 2022"]
[White "Kostiukov, Alexandr"]
[Black "Sapunov, Evgeny"]
[WhiteFideId "14108100"]
[BlackFideId "4126661"]
[WhiteElo "2202"]
[BlackElo "2470"]
[Result "0-1"]
[Round "10"]
[TimeControl "180+1"]
[Date "2022.03.22"]
[WhiteClock "0:00:06"]
[BlackClock "0:01:22"]

1. g3 g6 2. Bg2 Bg7 3. c4 d6 4. Nf3 Nf6 5. O-O O-O 6. d4 Nbd7 7. Nc3 e5 8. e4 exd4 9. Nxd4 Re8 10. h3 a6 11. Be3 Rb8 12. a4 a5 13. Qc2 c6 14. Rad1 Qc7 15. Rfe1 Nc5 16. Nb3 Nxb3 17. Qxb3 Nd7 18. Qc2 b6 19. f4 Nc5 20. Kh2 Ba6 21. Ne2 Rbd8 22. Bd4 Qe7 23. Bxg7 Kxg7 24. Nd4 Bb7 25. e5 dxe5 26. Rxe5 Qf6 27. Rde1 Rf8 28. Nf3 Nd3 29. R1e2 Nxe5 30. fxe5 Qe7 31. Qc3 c5 32. h4 Kg8 33. Ng5 Bxg2 34. Kxg2 Rd4 35. Qe3 Re8 36. e6 f6 37. Nf3 Rd6 38. Qh6 Rxe6 39. Rxe6 Qxe6 40. Ng1 Qe4+ 41. Kh3 Qf5+ 42. Kg2 Re1 43. h5 Qf1+ 0-1


[Site "https://www.chess.com"]

[Event "Titled Tuesday Blitz March 22 Late 2022"]
[White "Kujawski, Adam"]
[Black "Thomas, Anysia"]
[WhiteFideId "1100920"]
[BlackFideId "670472"]
[WhiteElo "2053"]
[BlackElo "2002"]
[Result "1-0"]
[Round "10"]
[TimeControl "180+1"]
[Date "2022.03.22"]
[WhiteClock "0:00:09"]
[BlackClock "0:00:01"]

1. e4 c5 2. Nf3 g6 3. c3 d5 4. e5 Bg7 5. d4 Nc6 6. Be2 cxd4 7. cxd4 Nh6 8. Nc3 O-O 9. Qb3 e6 10. O-O f6 11. exf6 Qxf6 12. Bg5 Qf5 13. Be3 b6 14. Nb5 Qf6 15. Rac1 Bd7 16. h3 Rac8 17. Nd6 Rc7 18. Bg5 Nxd4 19. Nxd4 Qxg5 20. Rxc7 Bxd4 21. Rxd7 Qe5 22. Qd3 Bc5 23. Nb7 Bd4 24. Bg4 Nxg4 25. hxg4 1-0


[Site "https://www.chess.com"]

[Event "Titled Tuesday Blitz March 22 Late 2022"]
[White "Lazavik, Denis"]
[Black "Mikhailov, Viacheslav"]
[WhiteFideId "13515110"]
[BlackFideId "4187369"]
[WhiteElo "2437"]
[BlackElo "2381"]
[Result "0-1"]
[Round "10"]
[TimeControl "180+1"]
[Date "2022.03.22"]
[WhiteClock "0:00:08"]
[BlackClock "0:00:14"]

1. d4 Nf6 2. c4 g6 3. g3 Bg7 4. Bg2 O-O 5. Nc3 d6 6. Nf3 Nc6 7. O-O Bf5 8. Ne1 Qd7 9. e4 Bh3 10. f3 Bxg2 11. Kxg2 e5 12. d5 Nd4 13. Be3 c5 14. dxc6 bxc6 15. Bxd4 exd4 16. Qxd4 Nd5 17. Qd3 Nxc3 18. bxc3 Rab8 19. Nc2 Rb2 20. Rf2 h5 21. h4 Rfb8 22. Rd2 Qe6 23. Ne3 Rxd2+ 24. Qxd2 Bh6 25. Re1 a5 26. f4 Qxe4+ 27. Kf2 Bg7 28. Qxd6 Rb2+ 29. Re2 Rb1 30. Qd8+ Kh7 31. Qd7 Qh1 32. Qxf7 Rg1 33. Nf5 Rf1+ 34. Ke3 Qf3+ 35. Kd2 Qxc3# 0-1


[Site "https://www.chess.com"]

[Event "Titled Tuesday Blitz March 22 Late 2022"]
[White "Le Goff, Ronan"]
[Black "Clawitter, Craig"]
[WhiteFideId "612073"]
[BlackFideId "2023105"]
[WhiteElo "2526"]
[BlackElo "2244"]
[Result "1-0"]
[Round "10"]
[TimeControl "180+1"]
[Date "2022.03.22"]
[WhiteClock "0:00:52"]
[BlackClock "0:00:05"]

1. d4 e6 2. Nf3 Nf6 3. Bf4 b6 4. Nbd2 Bb7 5. e3 Be7 6. Bd3 Nh5 7. O-O Nxf4 8. exf4 c5 9. Ne4 cxd4 10. Nxd4 Nc6 11. Nb5 d5 12. Ng5 Bxg5 13. fxg5 a6 14. Qh5 axb5 15. g6 fxg6 16. Bxg6+ hxg6 17. Qxh8+ Kf7 18. Qh3 Ra4 19. Rfe1 Qf6 20. Re3 Rf4 21. Rae1 Bc8 22. Rc3 Bd7 23. Ra3 Rxf2 24. Ra8 Qd4 25. Kh1 1-0


[Site "https://www.chess.com"]

[Event "Titled Tuesday Blitz March 22 Late 2022"]
[White "Maksimovic, Bojan"]
[Black "Costachi, Mihnea"]
[WhiteFideId "14408120"]
[BlackFideId "1217518"]
[WhiteElo "2448"]
[BlackElo "2464"]
[Result "1-0"]
[Round "10"]
[TimeControl "180+1"]
[Date "2022.03.22"]
[WhiteClock "0:00:04"]
[BlackClock "0:00:04"]

1. e4 e5 2. Nf3 Nc6 3. Bb5 a6 4. Ba4 d6 5. O-O Bd7 6. c4 Nf6 7. Nc3 Be7 8. Bxc6 Bxc6 9. Re1 O-O 10. d4 exd4 11. Nxd4 Nd7 12. b3 Bf6 13. Bb2 Re8 14. Qd2 Nc5 15. f3 Bg5 16. Qc2 Bf6 17. Rad1 Qe7 18. Nd5 Bxd5 19. cxd5 a5 20. Ba3 Na6 21. Bc1 g6 22. Qf2 Nc5 23. Ba3 Na6 24. Bb2 Qf8 25. Nb5 Qg7 26. Bxf6 Qxf6 27. Rc1 Re7 28. Qd4 Qxd4+ 29. Nxd4 Nb4 30. Re2 a4 31. a3 Na6 32. b4 Kg7 33. Rec2 Rf8 34. Kf2 f5 35. exf5 Rff7 36. g4 Re5 37. Ne6+ Kf6 38. fxg6 hxg6 39. Nxc7 Nxc7 40. Rxc7 Rxd5 41. Rxf7+ Kxf7 42. Rc7+ Ke6 43. Rxb7 Rd3 44. Ra7 Rxa3 45. h4 Kd5 46. h5 gxh5 47. gxh5 Kc4 48. h6 Ra2+ 49. Kg3 Ra1 50. h7 Rh1 51. Rg7 Kb3 52. b5 a3 53. b6 a2 54. b7 a1=Q 55. b8=Q+ Kc2 56. Rc7+ Kd2 57. Qb4+ Ke2 58. Rc2+ Kf1 59. Qb5+ Kg1 60. Qb6+ Kf1 61. Qf2# 1-0


[Site "https://www.chess.com"]

[Event "Titled Tuesday Blitz March 22 Late 2022"]
[White "Mangialardo, Tiago Carvalho"]
[Black "Simonovic, Miroslav"]
[WhiteFideId "2130718"]
[BlackFideId "919152"]
[WhiteElo "2070"]
[BlackElo "2043"]
[Result "0-1"]
[Round "10"]
[TimeControl "180+1"]
[Date "2022.03.22"]
[WhiteClock "0:02:17"]
[BlackClock "0:02:50"]

1. e4 c5 2. Nf3 Nc6 3. d4 cxd4 4. Nxd4 e5 5. Nf3 Nf6 6. Nc3 Bb4 7. Bd3 O-O 8. O-O Bxc3 9. bxc3 d5 10. Bg5 dxe4 11. Bxe4 Qxd1 12. Raxd1 Nxe4 0-1


[Site "https://www.chess.com"]

[Event "Titled Tuesday Blitz March 22 Late 2022"]
[White "Manukian, Artak"]
[Black "Romero Ruscalleda, Josep"]
[WhiteFideId "13301373"]
[BlackFideId "2231859"]
[WhiteElo "2416"]
[BlackElo "2272"]
[Result "1-0"]
[Round "10"]
[TimeControl "180+1"]
[Date "2022.03.22"]
[WhiteClock "0:00:04"]
[BlackClock "0:00:03"]

1. e4 g6 2. d4 Bg7 3. c4 d6 4. Nc3 e5 5. d5 Ne7 6. g4 f5 7. gxf5 gxf5 8. Qh5+ Kf8 9. Nf3 Qe8 10. Qxe8+ Kxe8 11. Nb5 Na6 12. Ng5 h6 13. Ne6 Bxe6 14. dxe6 Nc6 15. exf5 Ke7 16. Rg1 Bf6 17. Bh3 Rac8 18. Nc3 Nab4 19. Kd1 Rhg8 20. Rf1 d5 21. Nxd5+ Nxd5 22. cxd5 Rcd8 23. Be3 Rxd5+ 24. Ke2 Nd4+ 25. Bxd4 exd4 26. Kd3 c5 27. b3 Rg5 28. Rg1 Rh5 29. Rg3 b5 30. Rc1 Bg5 31. Rc2 Kd6 32. Rf3 Bf6 33. Re2 Rh4 34. e7 Bxe7 35. f6 Bf8 36. f7 Kc7 37. Re8 Rd8 38. Be6 Rxh2 39. Rf5 Rh3+ 40. Kd2 h5 41. Rd5 Bh6+ 42. Ke2 1-0


[Site "https://www.chess.com"]

[Event "Titled Tuesday Blitz March 22 Late 2022"]
[White "Martin Barcelo, Carles"]
[Black "Zherebtsova, Alexandra"]
[WhiteFideId "24561444"]
[BlackFideId "24129518"]
[WhiteElo "1875"]
[BlackElo "2025"]
[Result "0-1"]
[Round "10"]
[TimeControl "180+1"]
[Date "2022.03.22"]
[WhiteClock "0:00:01"]
[BlackClock "0:00:15"]

1. e4 e5 2. Nf3 Nc6 3. Bb5 a6 4. Ba4 Nf6 5. d3 d6 6. c3 g6 7. O-O Bg7 8. Re1 O-O 9. Nbd2 Nh5 10. Bc2 f5 11. h3 fxe4 12. Nxe4 h6 13. b4 Nf4 14. Bxf4 Rxf4 15. a4 Qf8 16. Ned2 g5 17. Qe2 g4 18. hxg4 Bxg4 19. b5 axb5 20. axb5 Rxa1 21. Rxa1 Ne7 22. Ra7 Qb8 23. Ra4 Ng6 24. Rxf4 Nxf4 25. Qe4 b6 26. d4 Qe8 27. g3 Nh3+ 28. Kg2 Bd7 29. Qh7+ Kf8 30. Nh4 Qf7 31. Ng6+ Ke8 32. Nf4 Ng5 33. Qd3 exf4 34. Qe2+ Kd8 35. gxf4 Qxf4 36. Nc4 Bg4 37. Qe1 Bf3+ 38. Kf1 Qh4 39. Qe6 Qh1# 0-1


[Site "https://www.chess.com"]

[Event "Titled Tuesday Blitz March 22 Late 2022"]
[White "Matinian, Nikita"]
[Black "Godzwon, Iwo"]
[WhiteFideId "24129100"]
[BlackFideId "21802483"]
[WhiteElo "2422"]
[BlackElo "2201"]
[Result "1-0"]
[Round "10"]
[TimeControl "180+1"]
[Date "2022.03.22"]
[WhiteClock "0:00:21"]
[BlackClock "0:01:03"]

1. e4 c5 2. Nc3 e6 3. f4 d5 4. Nf3 dxe4 5. Nxe4 Be7 6. Bb5+ Bd7 7. Qe2 Nf6 8. Ne5 O-O 9. Nxf6+ Bxf6 10. a4 a6 11. Bxd7 Nxd7 12. Ra3 Qc7 13. Nxd7 Qxd7 14. a5 Rac8 15. Rh3 g6 16. d3 Qc7 17. O-O c4 18. dxc4 Qxc4 19. Qxc4 Rxc4 20. c3 Rd8 21. Be3 Ra4 22. g4 Rxa5 23. Bb6 Rad5 24. Bxd8 Bxd8 25. Rg3 Bb6+ 26. Kh1 h5 27. gxh5 Rxh5 28. Rd1 Bc7 29. Rg4 Rb5 30. b4 Kg7 31. Rd7 Bb8 32. h4 Rb6 33. h5 Kf6 34. h6 Rb5 35. Rh4 1-0


[Site "https://www.chess.com"]

[Event "Titled Tuesday Blitz March 22 Late 2022"]
[White "Mikhalsky, Vladimir"]
[Black "Jeet, Jain"]
[WhiteFideId "14144352"]
[BlackFideId "5073022"]
[WhiteElo "2486"]
[BlackElo "2553"]
[Result "1/2-1/2"]
[Round "10"]
[TimeControl "180+1"]
[Date "2022.03.22"]
[WhiteClock "0:00:18"]
[BlackClock "0:00:34"]

1. d4 Nf6 2. Nf3 c5 3. d5 d6 4. c4 g6 5. Nc3 Bg7 6. e4 b5 7. cxb5 a6 8. bxa6 O-O 9. Bd3 Bxa6 10. O-O Nbd7 11. Re1 Qa5 12. Bxa6 Rxa6 13. e5 Ne8 14. Bg5 f6 15. exf6 exf6 16. Bf4 Ne5 17. Nxe5 fxe5 18. Bd2 Nc7 19. b3 Rb8 20. Re4 Nb5 21. Nxb5 Qxb5 22. Qf1 Qb7 23. Qc4 Rba8 24. a4 Rb6 25. Rb1 Rb8 26. Re3 Bh6 27. Rd3 Bxd2 28. Rxd2 Rxb3 29. Rxb3 Qxb3 30. Qxb3 Rxb3 31. Kf1 Ra3 32. Rb2 Rxa4 33. Rb6 Rd4 34. Rxd6 Kg7 35. Ke2 h5 36. Ke3 Kf7 37. g3 g5 38. Rd8 Ke7 39. Rg8 Kf6 40. Rd8 g4 41. Rh8 Rxd5 42. Rxh5 c4 43. Rh8 Rc5 44. Kd2 Kf5 45. Kc3 Ke4 46. Rf8 Rc6 47. Rf7 Kd5 48. Rg7 Rf6 49. Rxg4 Rxf2 50. Rxc4 Rf3+ 51. Kb4 e4 52. Rc8 Kd4 53. Rd8+ Ke3 54. Kc3 Rf1 55. h4 Rc1+ 56. Kb2 Rg1 57. h5 Rxg3 58. h6 Rh3 59. Rd6 Ke2 60. Re6 e3 61. Kc2 Kf2 62. Rf6+ Ke1 63. Re6 e2 64. Kc1 Rh5 65. Kc2 Rc5+ 66. Kd3 Rd5+ 67. Ke4 Rd7 68. Kf3 Rf7+ 69. Kg4 Kf1 70. Kg5 e1=Q 71. Rxe1+ Kxe1 72. Kg6 Rb7 73. h7 Rxh7 74. Kxh7 1/2-1/2


[Site "https://www.chess.com"]

[Event "Titled Tuesday Blitz March 22 Late 2022"]
[White "Milosevic, Milos"]
[Black "Spata, German"]
[WhiteFideId "964875"]
[BlackFideId "113026"]
[WhiteElo "2237"]
[BlackElo "2238"]
[Result "1/2-1/2"]
[Round "10"]
[TimeControl "180+1"]
[Date "2022.03.22"]
[WhiteClock "0:00:40"]
[BlackClock "0:00:05"]

1. e4 e6 2. c4 c5 3. Nf3 Nc6 4. d4 cxd4 5. Nxd4 Nf6 6. Nc3 Bb4 7. Nxc6 bxc6 8. Bd3 d5 9. cxd5 exd5 10. exd5 Nxd5 11. O-O O-O 12. Nxd5 Qxd5 13. Be3 Be6 14. Qc2 Qh5 15. Qxc6 Bd5 16. Qc7 Bxg2 17. Kxg2 Qd5+ 18. Kg1 Qxd3 19. Rfd1 Qg6+ 20. Qg3 Qe6 21. Bd4 f6 22. Qb3 Qxb3 23. axb3 a5 24. Bc3 Rfd8 25. Bxb4 axb4 26. Rxa8 Rxa8 27. Rd4 Ra2 28. Rxb4 Rxb2 29. Kg2 Kf7 30. Rb7+ Kg6 31. b4 h5 32. b5 Kh6 33. b6 Rb3 34. Rb8 Kg6 35. h4 Kf5 36. Rb7 g6 37. Rb8 Kg4 38. Rg8 g5 39. b7 Rxb7 40. Rg6 Rf7 41. hxg5 fxg5 42. Ra6 Kh4 43. Ra4+ g4 44. Ra5 Rf4 45. Re5 Rf3 46. Rd5 Rf6 47. Re5 Rg6 48. Rd5 Rg5 49. Rxg5 Kxg5 50. f3 Kf4 51. fxg4 hxg4 52. Kf2 g3+ 53. Kg2 Kg4 54. Kg1 Kf4 55. Kg2 Kg4 56. Kg1 Kf3 57. Kf1 g2+ 58. Kg1 Kg3 1/2-1/2


[Site "https://www.chess.com"]

[Event "Titled Tuesday Blitz March 22 Late 2022"]
[White "Ortez, Andrea"]
[Black "Stanisz, Patryk"]
[WhiteFideId "6702392"]
[BlackFideId "1123106"]
[WhiteElo "1696"]
[BlackElo "1876"]
[Result "0-1"]
[Round "10"]
[TimeControl "180+1"]
[Date "2022.03.22"]
[WhiteClock "0:00:03"]
[BlackClock "0:00:09"]

1. e4 c5 2. c3 Nf6 3. e5 Nd5 4. Nf3 Nc6 5. Bc4 Nb6 6. Bb3 d5 7. exd6 Qxd6 8. O-O Bf5 9. d4 cxd4 10. cxd4 e6 11. Nc3 Be7 12. Be3 O-O 13. a3 a6 14. Re1 Bg4 15. h3 Bh5 16. d5 Nxd5 17. Nxd5 exd5 18. Qxd5 Qxd5 19. Bxd5 Bf6 20. Bxc6 bxc6 21. Rac1 Bxb2 22. Rxc6 Rfc8 23. Rxc8+ Rxc8 24. Rb1 Bxa3 25. Ra1 Rc3 26. Bd4 Rd3 27. Bb6 Bxf3 28. gxf3 Rxf3 29. Kg2 Rb3 30. Bd4 h6 31. Be3 a5 32. Bd2 Bb4 33. Bxb4 axb4 34. Ra8+ Kh7 35. Rb8 Kg6 36. Rb6+ f6 37. Rb5 Rb1 38. h4 h5 39. Kf3 b3 40. Kg2 Kf7 41. Rb7+ Kg6 42. Rb5 b2 43. Kf3 Kf7 44. Rb7+ Ke6 45. Rb6+ Kd5 46. Rb5+ Kc4 47. Rb8 Kc3 48. Rc8+ Kd2 49. Rd8+ Ke1 50. Rb8 Kf1 51. Kg3 g5 52. hxg5 fxg5 53. Rb5 h4+ 54. Kg4 Kxf2 0-1


[Site "https://www.chess.com"]

[Event "Titled Tuesday Blitz March 22 Late 2022"]
[White "Papp, Petra"]
[Black "Bachmann, Axel"]
[WhiteFideId "739049"]
[BlackFideId "3700488"]
[WhiteElo "2259"]
[BlackElo "2587"]
[Result "0-1"]
[Round "10"]
[TimeControl "180+1"]
[Date "2022.03.22"]
[WhiteClock "0:00:04"]
[BlackClock "0:00:10"]

1. e4 c5 2. Nf3 d6 3. d4 cxd4 4. Nxd4 Nf6 5. Nc3 a6 6. a4 e5 7. Nf3 Be7 8. Bc4 O-O 9. O-O Nc6 10. Bg5 Nb4 11. Bxf6 Bxf6 12. Nd5 Nxd5 13. Bxd5 Qc7 14. c3 Bd7 15. h3 Rac8 16. Qd2 Rfd8 17. Rfd1 Bc6 18. Qe3 Rd7 19. Rd2 h6 20. Qd3 Qb8 21. Rdd1 Bd8 22. Qe2 Bb6 23. Bxc6 bxc6 24. Nxe5 Re7 25. Nc4 Bc7 26. Qf3 Rce8 27. e5 d5 28. Nd6 Bxd6 29. exd6 Qxd6 30. g3 Re2 31. b4 R8e4 32. b5 axb5 33. axb5 cxb5 34. Ra8+ Kh7 35. Qxf7 Qe6 36. Qxe6 Rxe6 37. Rxd5 Rf6 38. f4 Re3 39. Kf2 Rxc3 40. Rd2 Rb6 0-1


[Site "https://www.chess.com"]